 Dungeon Crawl Stone Soup version 0.28.0 (webtiles) character file.

Game seed: 15618338908880737616

63 hikkokomori the Skirmisher (level 4, 0/37 HPs)
             Began as a Formicid Fighter on Feb 11, 2022.
             Slain by Terence (2 damage)
             ... on level 2 of the Dungeon.
             The game lasted 00:01:40 (1524 turns).

hikkokomori the Skirmisher (Formicid Fighter)       Turns: 1524, Time: 00:01:41

Health: 0/37       AC:  7    Str: 22    XL:     4   Next: 31%
Magic:  4/4        EV:  9    Int:  8    God:
Gold:   63         SH:  4    Dex: 10    Spells: 3/3 levels left

rFire   . . .      SeeInvis +   a - +0 quarterstaff
rCold   . . .      Faith    .   c - +0 buckler
rNeg    . . .      Spirit   .   b - +0 scale mail
rPois   .          Reflect  .   (helmet unavailable)
rElec   .          Harm     .   (no cloak)
rCorr   .          Rampage  .   (no gloves)
Will    .....                   (no boots)
Stlth   ..........              (no amulet)
HPRegen 0.12/turn               (no ring)
MPRegen 0.09/turn               (no ring)

@: no status effects
A: permanent stasis, dig shafts and tunnels, antennae 3, four strong arms
a: Dig, Shaft Self


You were on level 2 of the Dungeon.
You visited 1 branch of the dungeon, and saw 2 of its levels.

You collected 63 gold pieces.

Inventory:

Hand Weapons
 a - a +0 quarterstaff (weapon)
Armour
 b - a +0 scale mail (worn)
 c - a +0 buckler (worn)
Scrolls
 e - a scroll of immolation {unknown}
 f - a scroll of teleportation {unknown}
 g - 3 scrolls of enchant armour {unknown}
 i - a scroll of identify {unknown}
 j - a scroll of fog {unknown}
Potions
 d - a potion of might
 h - a potion of attraction {unknown}
 k - a potion of heal wounds {unknown}


   Skills:
 + Level 4.1 Fighting
 + Level 2.9 Staves
 + Level 4.1 Armour
 - Level 3.6 Shields


You had 3 spell levels left.
You didn't know any spells.
Your spell library was empty.

Dungeon Overview and Level Annotations

Branches:
Dungeon (2/15)

Altars:

Annotations:
D:2 Terence


Innate Abilities, Weirdness & Mutations

You cannot be hasted, slowed, berserked, paralysed or teleported.
You can dig through walls and to a lower floor.
You have a pair of large antennae on your head. (SInv)
Your four strong arms can wield two-handed weapons with a shield.


Message History

Terence hits you with a +0 short sword.
You hit Terence but do no damage.
Terence is moderately wounded.
Terence hits you but does no damage.
You barely miss Terence.
Terence is moderately wounded.
Terence barely misses you.
You hit Terence but do no damage.
Terence is moderately wounded.
Terence barely misses you.
You barely miss Terence.
Terence is moderately wounded.
Terence hits you with a +0 short sword.
* * * LOW HITPOINT WARNING * * *
You hit Terence.
Terence is heavily wounded.
Terence barely misses you. Terence hits you with a +0 short sword.
* * * LOW HITPOINT WARNING * * *
You hit Terence.
Terence is heavily wounded.
Terence hits you with a +0 short sword.
* * * LOW HITPOINT WARNING * * *
Okay, then.
You barely miss Terence.
Terence is heavily wounded.
Terence hits you with a +0 short sword.
* * * LOW HITPOINT WARNING * * *
Unknown command.
You thump Terence!
Terence is almost dead.
You block Terence's attack.
Unknown command.
You hit Terence but do no damage.
Terence is almost dead.
Terence hits you but does no damage.
Unknown command.
You hit Terence but do no damage.
Terence is almost dead.
Terence hits you with a +0 short sword.
You die...

#.♣# #♣.♣# ♣
##..♣♣♣...♣♣♣...♣
#...............
#...♣♣♣...♣♣♣...
#..♣# #♣.♣# ♣.♣
#..♣ ♣.♣ ♣.♣ ....♣
#♣.♣# #♣.♣# #
.....
♣♣...♣♣♣...♣♣♣...#
.....
♣.....†...@@.....#
....
♣♣...♣♣♣...♣♣♣....
#♣.♣# #♣.♣# # {
♣.♣ ♣.♣ ♣.♣ ♣.♣
... ... ... ...
... #####


You could see Terence.

Vanquished Creatures
  Jessica (D:2)
  An adder (D:2)
  6 bats
  6 endoplasms
  3 goblins (D:1)
  A quokka (D:1)
  A ball python (D:2)
  A frilled lizard (D:1)
  4 kobolds
  5 rats
29 creatures vanquished.

Notes
Turn   | Place    | Note
-------+----------+-------------------------------------------
     0 | D:1      | hikkokomori the Formicid Fighter began the quest for the
                  | Orb.
     0 | D:1      | Reached XP level 1. HP: 18/18 MP: 1/1
   191 | D:1      | Reached XP level 2. HP: 24/24 MP: 2/2
   654 | D:1      | Found a faded altar of an unknown god.
  1059 | D:2      | Reached XP level 3. HP: 26/30 MP: 3/3
  1327 | D:2      | Noticed Jessica
  1335 | D:2      | Killed Jessica
  1336 | D:2      | Reached XP level 4. HP: 27/37 MP: 4/4
  1502 | D:2      | Noticed Terence
  1524 | D:2      | Slain by Terence

Illustrated notes

Levels and vault maps discovered:
D:1:      saegor_arrival_simple_a, layout_loops_corners,
          shapermc_ecumenical_altar_mp_highgroup, minmay_misc_feat_pillars
D:2:      layout_basic, kennysheep_donut, minmay_stone_trees_large,
          chequers_serial_rivers_small_3, uniq_terence, uniq_jessica

Skill      XL: |  1  2  3 |
---------------+----------+-----
Fighting       | 4 |  4.1
Armour         | 4 |  4.1
Staves         | |  2.9
Shields        | |  3.6

Action                   |  1- 3 |  4- 6 || total
-------------------------+-------+-------++-------
Melee: Quarterstaff      |    61 |    22 ||    83
Armor: Scale mail        |    16 |     7 ||    23
Dodge: Dodged            |    25 |     5 ||    30
Block: Buckler           |    15 |     5 ||    20
